 Dungeon Crawl Stone Soup version 0.21-a0-414-gba8bdf1 (webtiles) character file.

263 sagitran the Skirmisher (level 6, -5/67 HPs)
             Began as an Ogre Hunter on Nov 2, 2017.
             Slain by a scorpion (7 damage)
             ... on level 4 of the Dungeon.
             The game lasted 00:19:25 (4577 turns).

sagitran the Skirmisher (Ogre Hunter)               Turns: 4577, Time: 00:19:27

Health: -5/67      AC:  3    Str: 18 (19) XL:     6   Next: 19%
Magic:  11/11      EV:  9    Int: 11 (12) God:
Gold:   205        SH:  8    Dex:  8 (9)  Spells: 12/12 levels left

rFire    + . .     SeeInvis .   e - +1 club
rCold    . . .     Gourm    .   i - +0 shield
rNeg     . . .     Faith    .   b - +0 robe
rPois    .         Spirit   .   (helmet restricted)
rElec    .         Reflect  .   (no cloak)
rCorr    .         Harm     .   (gloves unavailable)
MR       .....     Rnd*Tele +   (boots unavailable)
Stlth    ++........             t - amulet of regeneration
HPRegen  0.61/turn              u - ring of protection from fire
MPRegen  0.12/turn              l - ring of teleportation (curse)

@: lethally poisoned (-5 -> -6), about to teleport
A: unfitting armour, tough skin 1
a: no special abilities


You were on level 4 of the Dungeon.
You were not hungry.

You visited 1 branch of the dungeon, and saw 4 of its levels.

You collected 205 gold pieces.

Inventory:

Hand Weapons
 a - a +0 short sword
 e - a +1 club (weapon)
Missiles
 q - a throwing net (quivered)
Armour
 b - a +0 robe (worn)
 i - a +0 shield (worn)
Jewellery
 l - a cursed ring of teleportation (right hand)
 t - an amulet of regeneration (around neck)
 u - a ring of protection from fire (left hand)
 w - a cursed ring of loudness {unknown}
Scrolls
 d - a scroll of enchant weapon
 o - 2 scrolls of teleportation
 y - a scroll of remove curse {unknown}
Potions
 j - a potion of brilliance
 v - a potion of magic
Comestibles
 f - 5 bread rations
 g - a chunk of flesh
 h - a royal jelly
 s - 4 meat rations


   Skills:
 + Level 5.7 Fighting
 + Level 3.0 Short Blades
 + Level 3.5 Maces & Flails
 + Level 5.7 Throwing
 + Level 2.6 Armour
 + Level 4.2 Dodging
 + Level 2.8 Stealth
 + Level 3.4 Shields
 + Level 3.1 Unarmed Combat
 + Level 3.5 Spellcasting


You had 12 spell levels left.
You didn't know any spells.

Dungeon Overview and Level Annotations

Branches:
Dungeon (4/15)
 Temple: D:4-7

Altars:
Elyvilon
Gozag

Shops:
D:3 *

Annotations:
D:3 Robin


Innate Abilities, Weirdness & Mutations

You are too large for most types of armour.
You have tough skin. (AC +1)


Message History

Level annotation: Robin The hobgoblin hits you with a club.
* * * LOW HITPOINT WARNING * * *
You block the goblin's attack.
The hobgoblin hits you but does no damage.
Robin roars a battlecry!
The goblins go into a battle-frenzy!
You block the goblin's attack.
There is a stone staircase leading down here.
As you read the scroll labeled MUBUOKHLAPUG, it crumbles to dust.
You feel strangely unstable.
It was a scroll of teleportation.
You feel sick. The adder bites you but does no damage.
The hobgoblin closely misses you. You block the adder's attack.
The goblin closely misses you. The adder bites you.
* * * LOW HITPOINT WARNING * * *
You are more poisoned.
The adder poisons you!
The hobgoblin hits you but does no damage.
You climb downwards.
You feel sick. The scorpion stings you!
You die...

####.##.# #># #.######
#....##.#####.###.......
#.#####.[..........#####
##.#####............#
##...h....h...#.###..#
#.........#####.# #..#
#...#####.# #.# .....
#...# #S# #.# ...[$#
#...### #@# #.. .....#
#.....# #s# ### ....#
#...#.# #gg......
#..##.# #..###### #... .
#..# #.... ..#..# #....
....# ##.... ##.# #....
.#


You could see a scorpion, a howler monkey (wandering), an adder, a hobgoblin and
a goblin.

Vanquished Creatures
  A worker ant (D:4)
  3 adders
  A howler monkey skeleton (D:4)
  An ooze (D:3)
  A worm (D:3)
  3 dart slugs
  9 leopard geckos
  3 orcs (D:3)
  A ball python (D:2)
  2 giant cockroaches
  9 goblins
  8 hobgoblins
  6 jackals
  5 bats
  5 frilled lizards
  5 kobolds
  5 rats
68 creatures vanquished.

Notes
Turn   | Place    | Note
-------+----------+-------------------------------------------
     0 | D:1      | sagitran the Ogre Hunter began the quest for the Orb.
     0 | D:1      | Reached XP level 1. HP: 22/22 MP: 1/1
   358 | D:1      | Reached XP level 2. HP: 8/29 MP: 2/2
  1128 | D:1      | Reached XP level 3. HP: 33/36 MP: 3/3
  2044 | D:1      | HP: 1/37 [hobgoblin/club (5)]
  2625 | D:2      | Reached skill level 1 in Maces & Flails
  2667 | D:2      | Reached skill level 1 in Shields
  2930 | D:2      | Reached XP level 4. HP: 43/45 MP: 4/4
  3133 | D:2      | You fall through a shaft for 2 floors!
  4004 | D:3      | Found Gozag's Platinum Reserve.
  4031 | D:2      | Found a white marble altar of Elyvilon.
  4062 | D:3      | Found an opulent altar of Gozag.
  4223 | D:3      | Noticed Robin
  4328 | D:4      | Reached skill level 5 in Fighting
  4328 | D:4      | Reached skill level 5 in Throwing
  4328 | D:4      | Reached XP level 5. HP: 7/59 MP: 4/10
  4334 | D:4      | HP: 3/88 [worker ant (5)]
  4338 | D:4      | Reached XP level 6. HP: 5/67 MP: 5/11
  4547 | D:4      | HP: 3/67 [poisoned by a scorpion]
  4552 | D:4      | HP: 3/67 [poisoned by a scorpion]
  4576 | D:3      | HP: 2/67 [adder (3)]
  4577 | D:4      | Slain by a scorpion

Vault maps used:
D:1:      minmay_arrival_stone_box
D:2:      lemuel_upstairs_altar, serial_park_tiny_2
D:3:      nicolae_gozag_zags_fifth_avenue, uniq_robin
D:4:      first_bread, guppyfry_early_lair_pool

Skill      XL: |  1  2  3  4 |
---------------+-------------+-----
Dodging        | 2 4 |  4.2
Fighting       | 3 5 |  5.7
Maces & Flails | 1 3 |  3.5
Shields        | 1 3 |  3.4
Short Blades   | 3 |  3.0
Throwing       | 5 |  5.7
Armour         | 2 |  2.6
Stealth        | 2 |  2.8
Unarmed Combat | 3 |  3.1
Spellcasting   | 3 |  3.5

Action                   |  1- 3 |  4- 6 || total
-------------------------+-------+-------++-------
Melee: Unarmed           |    30 |       ||    30
       Club              |   187 |   164 ||   351
Throw: Large rock        |    10 |     5 ||    15
       Throwing net      |     2 |       ||     2
  Use: Scroll            |     1 |     8 ||     9
       Potion            |     1 |     7 ||     8
 Stab: Sleeping          |       |     1 ||     1
  Eat: Chunk             |     7 |     2 ||     9
       Bread ration      |       |     1 ||     1
Armor: Robe              |   101 |    34 ||   135
       Skin              |       |    15 ||    15
Dodge: Dodged            |   123 |    67 ||   190
Block: Shield            |    75 |    73 ||   148

Table legend:
 A = Spawn XP
 B = Non-spawn XP
 C = Spawn XP percentage of total XP
 D = Spawn monster count
 E = Non-spawn monster count
 F = Spawn count percentage of total count
 G = Total turns spent on level
                    A         B        C        D         E        F      G
               +---------+---------+-------+---------+---------+-------+---------
         Total |       0 |     224 |   0.0 |       0 |      68 |   0.0 |  4577
               +---------+---------+-------+---------+---------+-------+---------
           D:1 |       0 |      72 |   0.0 |       0 |      33 |   0.0 |  2617
           D:2 |       0 |      34 |   0.0 |       0 |      16 |   0.0 |   995
           D:3 |       0 |      53 |   0.0 |       0 |      14 |   0.0 |   552
           D:4 |       0 |      65 |   0.0 |       0 |       5 |   0.0 |   413
               +---------+---------+-------+---------+---------+-------+---------
